 Dungeon Crawl Stone Soup version 0.18.1-8-gdd0e5ea (webtiles) character file.

63 deorigin the Ruffian (level 3, -2/31 HPs)
             Began as a Minotaur Monk on June 1, 2016.
             Slain by a river rat (3 damage)
             ... in a sewer.
             The game lasted 00:01:59 (1122 turns).

deorigin the Ruffian (Minotaur Monk)                Turns: 1122, Time: 00:01:59

Health: -2/31      AC:  4    Str: 15    XL:     3   Next: 89%
Magic:  2/2        EV: 12    Int:  8    God:
Gold:   80         SH:  0    Dex: 12    Spells: 0 memorised, 2 levels left

rFire  . . .     SeeInvis .       - Unarmed
rCold  . . .     Gourm    .     j - +0 leather armour {MR+}
rNeg   . . .     Faith    .     (no shield)
rPois  .         Spirit   .     (helmet restricted)
rElec  .         Dismiss  .     (no cloak)
rCorr  .         Reflect  .     d - +0 pair of gloves
SustAt .         Harm     .     (no boots)
MR     +....                    (no amulet)
Stlth  +.........               (no ring)
                                (no ring)

@: somewhat resistant to hostile enchantments, very unstealthy
A: retaliatory headbutt, horns 2
a: no special abilities


You were in a sewer.
You were not hungry.

You visited 1 branch of the dungeon, and saw 3 of its levels.
You also visited: Sewer.

You collected 80 gold pieces.

Inventory:

Missiles
 u - 2 tomahawks (quivered)
Armour
 a - a +0 robe
 d - a +0 pair of gloves (worn)
 g - a +0 ring mail
 j - a +0 leather armour of magic resistance (worn)
 o - a +0 plate armour
Jewellery
 c - an uncursed amulet of magic regeneration {unknown}
Scrolls
 e - 2 scrolls of teleportation {unknown}
 f - 3 scrolls of identify {unknown}
 k - a scroll of enchant weapon {unknown}
 l - a scroll of remove curse {unknown}
 m - a scroll of magic mapping {unknown}
 s - a scroll of immolation {unknown}
Potions
 h - a potion of lignification {unknown}
 i - 2 potions of degeneration {unknown}
 q - a potion of heal wounds {unknown}
 r - 2 potions of might {unknown}
Comestibles
 b - a bread ration
 n - a meat ration
 p - 3 fruits
 t - 3 chunks of flesh


   Skills:
 - Level 3.6 Fighting
 - Level 3.2 Dodging
 - Level 1.5 Stealth
 + Level 6.1 Unarmed Combat


You had 2 spell levels left.
You didn't know any spells.

Dungeon Overview and Level Annotations

Branches:
Dungeon (4/15)
 Temple: D:4-7

Altars:
Dithmenos
Xom


Innate Abilities, Weirdness & Mutations

You reflexively headbutt those who attack you in melee.
You have a pair of horns on your head.


Message History

Your Unarmed Combat skill increases to level 6!
You closely miss the river rat. The rat bites you but does no damage.
The river rat bites you!
You hit the river rat but do no damage. You headbutt the river rat.
The river rat is moderately wounded.
The river rat twitches its whiskers.
You hit the river rat but do no damage.
The river rat is moderately wounded.
The river rat bites you.
* * * LOW HITPOINT WARNING * * *
You hit the river rat.
The river rat is heavily wounded.
The river rat misses you. You furiously retaliate!
You headbutt the river rat, but do no damage.
The river rat bites you.
* * * LOW HITPOINT WARNING * * *
You hit the river rat. Your headbutt misses the river rat.
The river rat is almost dead.
The river rat misses you. The river rat bites you.
You die...

###
#.#
#.#
#.#
#.#
#∩#
#r#
#r#
#@#
#r#
#r#
#.#
#.#
#.#
#≈#
#≈#


You could see 3 river rats and a rat.

Vanquished Creatures
  2 adders
  A river rat (Sewer)
  A shadow imp (D:4)
  2 giant geckos (D:1)
  An orc (D:4)
  2 goblins (D:1)
  5 hobgoblins
  A kobold (D:2)
  4 bats
  2 giant newts (D:1)
  8 rats
29 creatures vanquished.

Notes
Turn   | Place    | Note
--------------------------------------------------------------
     0 | D:1      | deorigin the Minotaur Monk began the quest for the Orb.
     0 | D:1      | Reached XP level 1. HP: 19/19 MP: 0/0
   255 | D:1      | Reached XP level 2. HP: 16/26 MP: 1/1
   383 | D:1      | Reached skill level 5 in Unarmed Combat
   687 | D:2      | Found a shimmering altar of Xom.
   749 | D:2      | Reached XP level 3. HP: 26/31 MP: 2/2
   751 | D:2      | Found a shadowy altar of Dithmenos.
   932 | D:2      | You fall through a shaft for 2 floors!
  1091 | D:4      | Found a glowing drain.
  1107 | Sewer    | Entered a sewer
  1117 | Sewer    | Reached skill level 6 in Unarmed Combat
  1121 | Sewer    | HP: 1/31 [river rat (6)]
  1122 | Sewer    | Slain by a river rat

Skill      XL: |  1  2  3 |
---------------+----------+-----
Unarmed Combat | 5 6 |  6.1
Fighting       | |  3.6
Dodging        | |  3.2
Stealth        | |  1.5

Action                   || total
-------------------------++-------
Melee: Unarmed           ||    80
       Headbutt          ||    11
       Punch             ||     1
  Eat: Chunk             ||     1
Armor: Ring mail         ||    10
       Leather armour    ||     7
Dodge: Dodged            ||    51
